 Dungeon Crawl Stone Soup version 0.22-a0-565-gfc6459a (webtiles) character file.

11557 iamserjio the Covert (level 11, -1/97 HPs)
             Began as a Naga Skald on June 28, 2018.
             Was a Priest of Hepliaklqana.
             Slain by a yak (14 damage)
             ... on level 12 of the Dungeon.
             The game lasted 00:56:04 (15515 turns).

iamserjio the Covert (Naga Skald)                  Turns: 15515, Time: 00:56:05

Health: -1/97      AC: 12    Str: 17    XL:     11   Next: 79%
Magic:  21/21      EV: 11    Int: 16    God:    Hepliaklqana [***...]
Gold:   636        SH:  0    Dex: 29    Spells: 10/24 levels left

rFire    . . .     SeeInvis +   o - +2 broad axe (elec)
rCold    . . .     Gourm    .   (no shield)
rNeg     . . .     Faith    .   R - +2 robe of Daisies {*Drain Dex+10}
rPois    +         Spirit   .   l - +2 hat
rElec    .         Reflect  .   q - +1 cloak
rCorr    .         Harm     .   z - +1 pair of gloves {Str+3}
MR       +....                  (no barding)
Stlth    ++++++....             (no amulet)
HPRegen  0.26/turn              H - +4 ring of dexterity
MPRegen  0.17/turn              b - +4 ring of dexterity

@: singing, very slow
A: large, reduced essence, see invisible, deformed body, poison resistance,
slowness 2, slow metabolism 1, spit poison 1, AC +3
a: Spit Poison, Recall Ancestor, Ancestor Identity, Transference, Renounce
Religion


You were on level 12 of the Dungeon.
You worshipped Hepliaklqana.
Hepliaklqana was most pleased with you.
You were hungry.

You visited 2 branches of the dungeon, and saw 13 of its levels.

You collected 832 gold pieces.
You spent 196 gold pieces at shops.

Inventory:

Hand Weapons
 o - a +2 broad axe of electrocution (weapon)
 s - a +0 trident
 t - a +0 broad axe
 D - a +2 halberd of protection
 Y - a +0 blowgun
Missiles
 c - 242 stones (quivered)
 I - a throwing net {!f}
 Z - 4 curare-tipped needles {!f}
Armour
 j - a +0 ring mail
 l - a +2 hat (worn)
 n - a +1 robe of magic resistance
 p - a +0 scale mail
 q - a +1 cloak (worn)
 z - a +1 pair of gloves of strength (worn)
 R - the +2 robe of Daisies (worn) {*Drain Dex+10}
   (You took it off an orc on level 7 of the Dungeon)

   It affects your dexterity (+10).
   It causes draining when unequipped.
 S - the +3 leather armour of Submission {Str+5, unknown}
   (You found it on level 10 of the Dungeon)

   It affects your strength (+5).
 U - a +0 shield
Jewellery
 b - a +4 ring of dexterity (right hand)
 A - an uncursed ring of ice
 B - an uncursed ring of stealth
 F - an uncursed ring of resist corrosion
 H - a +4 ring of dexterity (left hand)
Wands
 J - a wand of iceblast (7)
 T - a wand of random effects (30)
 V - a wand of flame (27)
 W - a wand of disintegration (15)
Scrolls
 e - 3 scrolls of teleportation
 g - 3 scrolls of blinking
 h - a scroll of enchant armour
 m - 2 scrolls of fear
 w - a scroll of acquirement {unknown}
 x - 4 scrolls of remove curse {@r2}
 y - 4 scrolls of magic mapping {unknown}
 N - 3 scrolls of fog {unknown}
 P - 3 scrolls of vulnerability {unknown}
 Q - a scroll of silence {unknown}
Potions
 a - a potion of experience
 f - a potion of mutation {unknown}
 k - 3 potions of lignification
 r - a potion of flight
 v - 4 potions of magic
 C - a potion of might {unknown}
 E - a potion of agility
 G - 2 potions of invisibility {unknown}
 K - 2 potions of brilliance {unknown}
 L - 4 potions of curing {@q1}
 M - 2 potions of haste {unknown}
Comestibles
 d - 16 rations


   Skills:
 + Level 9.7 Fighting
 * Level 0.7(6.7) Axes
 - Level 10.5 Polearms
 - Level 1.0 Armour
 - Level 2.0 Dodging
 + Level 10.9 Stealth
 + Level 7.0 Spellcasting
 - Level 4.0 Charms
 - Level 4.0 Necromancy
 + Level 0.4 Translocations
 - Level 3.0 Invocations


You had 10 spell levels left.
You knew the following spells:

 Your Spells              Type           Power        Failure   Level  Hunger
a - Infusion              Chrm           ###.         2%          1    None
b - Song of Slaying       Chrm           ###.....     3%          2    None
c - Shroud of Golubria    Chrm/Tloc      ##........   8%          2    None
d - Animate Skeleton      Necr           N/A          2%          1    None
e - Regeneration          Chrm/Necr      ###.......   7%          3    ##.....
f - Spectral Weapon       Hex/Chrm       ##......     16%         3    ##.....
g - Blink                 Tloc           N/A          16%         2    None

Your spell library contained the following spells:

 Spells                   Type           Power        Failure   Level  Hunger
 Magic Dart               Conj           #...         12%         1    None
 Apportation              Tloc           #.....       11%         1    None
 Conjure Flame            Conj/Fire      #.......     36%         3    ##.....
 Slow                     Hex            #.......     19%         2    None
 Mephitic Cloud           Conj/Pois/Air  #.......     36%         3    ##.....
 Summon Small Mammal      Summ           #...         12%         1    None
 Call Imp                 Summ           #.......     19%         2    None
 Swiftness                Chrm/Air       ##......     9%          2    None
 Confusing Touch          Hex            #.....       12%         1    None
 Silence                  Hex/Air        #.........   98%         5    #####..
 Static Discharge         Conj/Air       #.......     36%         3    ##.....
 Sandblast                Erth           #.....       12%         1    None
 Borgnjor's Vile Clutch   Necr/Erth      ##........   83%         5    #####..


Dungeon Overview and Level Annotations

Branches:
Dungeon (12/15)            Temple (1/1) D:6            Lair (0/6) D:11
    Orc (0/2) D:9

Altars:
Ashenzari
Cheibriados
Dithmenos
Elyvilon
Fedhas
Gozag
Hepliaklqana
Kikubaaqudgha
Makhleb
Nemelex Xobeh
Okawaru
Qazlal
Ru
Sif Muna
Trog
Uskayaw
Vehumet
Wu Jian
Xom
Yredelemnul
Zin
The Shining One

Shops:
D:11 (

Portals:
Trove: D:11 (give +3 shadow dragon scales)


Innate Abilities, Weirdness & Mutations

You cannot wear boots.
Your serpentine skin is tough. (AC +3)
You have supernaturally acute eyesight. (SInv)
Armour fits poorly on your strangely shaped body.
Your system is resistant to poisons. (rPois)
You cover ground very slowly.
You have a slow metabolism.
You can spit poison.
Your life essence is reduced to manifest your ancestor. (-10% HP)


Message History

The yak closely misses you. x2
Protekandatak completely misses the yak.
The yak barely misses you. The yak gores you! x2
You barely miss the yak.
The yak is heavily wounded.
You slash the yak! You hit the yak. You hit the yak but do no damage.
The yak gores you.
* * * LOW HITPOINT WARNING * * *
The yak gores you but does no damage. The yak misses you.
Protekandatak hits the yak with a flail!
The yak dies!
The yak gores you but does no damage.
You closely miss the yak.
The yak is severely wounded.
You barely miss the yak. You closely miss the yak. The yak gores you.
* * * LOW HITPOINT WARNING * * *
The yak gores you!
* * * LOW HITPOINT WARNING * * *
The yak gores you!
You die...

########
#......#
#......#
#......#
#......#
#<.....#
#.@R...#
#YYY...#
#......#
#......#
#......#
#......#
#.......
#########


You could see the friendly protekandatak the knight and 3 yaks.

Vanquished Creatures
  2 death yaks (D:11)
  Sonja (D:11)
  A cyclops (D:9)
  A gargoyle (D:11)
  2 trolls
  A hippogriff (D:10)
  10 yaks
  A hungry ghost (D:11)
  An acid dragon (D:11)
  Duvessa (D:5)
  A sky beast (D:10)
  2 ice beasts
  2 orc warriors
  A black bear (D:6)
  A phantom (D:4)
  A hornet zombie (D:9)
  5 ogres
  3 necrophages (D:9)
  A centaur (D:7)
  Blork the orc (D:6)
  3 bullfrogs
  2 wyvern zombies
  A water moccasin zombie (D:9)
  5 scorpions
  Dowan (D:5)
  3 killer bees (D:10)
  3 howler monkeys
  2 crimson imps
  3 orc priests
  2 hounds
  A jelly (D:5)
  Crazy Yiuf (D:2)
  2 bullfrog skeletons
  A gnoll shaman (D:7)
  2 bullfrog zombies (D:5)
  Jessica (D:2)
  5 iguanas
  6 worker ants
  5 orc wizards
  A killer bee zombie (D:8)
  2 worker ant zombies
  Robin (D:2)
  19 gnolls
  8 adders
  A shadow imp (D:11)
  An ooze (D:7)
  8 worms
  A dart slug (D:1)
  5 leopard geckos
  38 orcs
  4 ball pythons
  5 bats
  2 giant cockroaches
  19 goblins
  12 hobgoblins
  5 jackals
  4 quokkas
  3 frilled lizards (D:2)
  A jackal zombie (D:7)
  11 kobolds
  A leopard gecko skeleton (D:6)
  A quokka zombie (D:6)
  11 rats
252 creatures vanquished.

Vanquished Creatures (collateral kills)
  An unseen horror (D:11)
  A wraith (D:10)
  A wyvern (D:10)
  9 yaks
  A hungry ghost (D:9)
  2 orc warriors (D:10)
  2 ice beasts
  A centaur (D:11)
  A big kobold (D:10)
  A bullfrog (D:7)
  2 killer bees (D:10)
  2 crimson imps
  A hound (D:8)
  A killer bee zombie (D:9)
  A hound zombie (D:9)
  3 gnolls (D:7)
  An adder (D:6)
  3 orcs (D:9)
  A kobold (D:10)
  A ball python zombie (D:5)
36 creatures vanquished.

Vanquished Creatures (others)
  5 knights
  3 ancestors
  A giant cockroach (D:4)
  4 bushes (D:9)
  11 plants (D:9)
  A withered plant (D:9)
25 creatures vanquished.

Grand Total: 313 creatures vanquished

Notes
Turn   | Place    | Note
-------+----------+-------------------------------------------
     0 | D:1      | iamserjio the Naga Skald began the quest for the Orb.
     0 | D:1      | Reached XP level 1. HP: 19/19 MP: 3/3
   473 | D:1      | Reached XP level 2. HP: 26/26 MP: 5/5
  1520 | D:1      | Learned a level 2 spell: Song of Slaying
  1713 | D:2      | Reached XP level 3. HP: 16/32 MP: 6/6
  2031 | D:2      | Found a runed door.
  2501 | D:2      | Reached skill level 1 in Stealth
  2501 | D:2      | Reached XP level 4. HP: 34/40 MP: 7/7
  2715 | D:2      | Noticed Jessica
  2724 | D:2      | Killed Jessica
  3163 | D:2      | Noticed Robin
  3199 | D:2      | Killed Robin
  3199 | D:2      | Reached XP level 5. HP: 23/46 MP: 5/8
  4220 | D:2      | Learned a level 2 spell: Shroud of Golubria
  4220 | D:2      | Noticed Crazy Yiuf
  4235 | D:2      | HP: 2/46 [Crazy Yiuf/quarterstaff of chaos (1)]
  4237 | D:2      | Killed Crazy Yiuf
  4561 | D:3      | Found an opulent altar of Gozag.
  4868 | D:3      | Found an ancient bone altar of Kikubaaqudgha.
  4894 | D:3      | Learned a level 1 spell: Animate Skeleton
  4898 | D:3      | Learned a level 3 spell: Regeneration
  5280 | D:3      | Reached XP level 6. HP: 6/56 MP: 10/10
  5988 | D:4      | Found a radiant altar of Vehumet.
  6061 | D:4      | Found a burning altar of Makhleb.
  6155 | D:4      | Noticed a phantom
  6193 | D:4      | Killed a phantom
  6445 | D:4      | Found a bloodstained altar of Trog.
  7054 | D:5      | Entered Level 5 of the Dungeon
  7097 | D:5      | Reached XP level 7. HP: 59/62 MP: 11/11
  7373 | D:5      | Reached skill level 5 in Polearms
  8093 | D:6      | Noticed Duvessa
  8093 | D:6      | Noticed Dowan
  8113 | D:5      | Killed Dowan
  8113 | D:5      | Reached skill level 1 in Necromancy
  8708 | D:6      | Noticed Blork the orc
  8721 | D:6      | Reached skill level 5 in Stealth
  8721 | D:6      | Reached XP level 8. HP: 63/72 MP: 13/13
  8764 | D:6      | Found a staircase to the Ecumenical Temple.
  8776 | Temple   | Entered the Ecumenical Temple
  8919 | Temple   | Became a worshipper of Hepliaklqana the Forgotten
  9032 | D:6      | Killed Blork the orc
  9607 | D:5      | Killed Duvessa
  9703 | D:7      | Reached * piety under Hepliaklqana
  9769 | D:7      | Reached skill level 5 in Fighting
 10063 | D:7      | Reached XP level 9. HP: 36/72 MP: 9/15
 10124 | D:7      | Found a glowing golden altar of the Shining One.
 10660 | D:8      | Got a pair of jewelled gloves
 10701 | D:8      | Found an iron altar of Okawaru.
 10810 | D:8      | Found a snail-covered altar of Cheibriados.
 10833 | D:8      | Reached ** piety under Hepliaklqana
 11329 | D:9      | Found a staircase to the Orcish Mines.
 11357 | D:9      | Reached skill level 5 in Spellcasting
 11545 | D:9      | Noticed a cyclops
 11558 | D:9      | Killed a cyclops
 11569 | D:9      | Remembered your ancestor protekandatak as a knight
 11809 | D:9      | Found a basalt altar of Yredelemnul.
 11811 | D:9      | Noticed a troll
 11828 | D:9      | Killed a troll
 11828 | D:9      | Reached XP level 10. HP: 82/82 MP: 12/18
 11836 | D:9      | Learned a level 3 spell: Spectral Weapon
 11839 | D:9      | Learned a level 2 spell: Blink
 11881 | D:9      | Reached skill level 1 in Armour
 12155 | D:9      | Identified the Grimoire of Feathery Earth
 12297 | D:9      | Found a blossoming altar of Fedhas.
 12496 | D:7      | Got a faintly humming robe
 12628 | D:9      | Identified the +1 pair of gloves of Xewaloff {rPois rCorr Dex-4} (You found it on level 8 of the Dungeon)
 12678 | D:9      | Identified the +2 robe of Daisies {*Drain Dex+10} (You took it off an orc on level 7 of the Dungeon)
 12679 | D:10     | Entered Level 10 of the Dungeon
 12750 | D:10     | Found a white marble altar of Elyvilon.
 12829 | D:10     | Got an encrusted leather armour
 13147 | D:10     | Reached skill level 1 in Invocations
 13423 | D:10     | Reached XP level 11. HP: 93/93 MP: 20/20
 13476 | D:10     | Reached skill level 10 in Stealth
 14028 | D:11     | Reached skill level 10 in Polearms
 14188 | D:11     | Found a portal to a secret trove of treasure.
 14218 | D:11     | Noticed Sonja
 14220 | D:11     | Killed Sonja
 14553 | D:11     | Noticed an unseen horror
 14562 | D:11     | Killed an unseen horror
 14630 | D:11     | Reached *** piety under Hepliaklqana
 14661 | D:11     | Found Vyecaik's Antique Weapon Shop.
 14754 | D:11     | Found a staircase to the Lair.
 14756 | D:11     | Noticed a death yak
 14757 | D:11     | Noticed a death yak
 14767 | D:11     | Noticed a death yak
 14772 | D:11     | Noticed a death yak
 14780 | D:11     | Noticed a death yak
 14781 | D:11     | Killed a death yak
 14781 | D:11     | Noticed a death yak
 14783 | D:11     | Noticed a death yak
 15052 | D:11     | Noticed a death yak
 15065 | D:11     | Killed a death yak
 15490 | D:11     | Bought a runed broad axe for 196 gold pieces
 15515 | D:12     | Slain by a yak

Vault maps used:
D:1:      giann_horns
D:2:      first_ration, minmay_tree_intersection, uniq_jessica,
          uniq_crazy_yiuf_cottage, uniq_robin
D:3:      corexii_shack_village, nicolae_gozag_cash_rules_everything_around_me,
          lemuel_crystal_altar
D:4:      kennysheep_mini, fiery_altar_vehumet, lemuel_crystal_altar,
          kennysheep_small_circle
D:6:      minmay_temple_entry_poolview, uniq_blork_the_orc, uniq_duvessa
D:7:      basic_altar
D:8:      grunt_temple_overflow_open
D:9:      yredelemnul_altar_generic, fedhas_altar_decomposition, david_orc_2
D:10:     basic_altar
D:11:     dpeg_lair_monsters, enter_trove_6, serial_shops, shop, uniq_sonja
Temple:   nicolae_temple_figure_eight

Skill      XL: |  1  2  3  4  5  6  7  8  9 10 11 |
---------------+----------------------------------+-----
Polearms       | 3 4 5 6 8 9 10 | 10.5
Stealth        | 1 2 3 5 6 8 9 10 | 10.9
Fighting       | 3 4 5 6 8 9 |  9.7
Spellcasting   | 3 4 5 6 7 |  7.0
Charms         | 4 |  4.0
Necromancy     | 1 2 4 |  4.0
Armour         | 1 |  1.0
Dodging        | 2 |  2.0
Invocations    | 1 3 |  3.0
Axes           | |  0.7
Translocations | |  0.4

Action                   |  1- 3 |  4- 6 |  7- 9 | 10-12 || total
-------------------------+-------+-------+-------+-------++-------
Melee: Spear             |    75 |   139 |       |       ||   214
       Trident           |       |   218 |   139 |       ||   357
       Halberd           |       |       |   203 |   315 ||   518
       Broad axe         |       |       |       |     7 ||     7
 Cast: Song of Slaying   |       |     1 |     4 |     9 ||    14
       Infusion          |       |     1 |     1 |       ||     2
       Animate Skeleton  |       |       |     4 |    10 ||    14
       Regeneration      |       |       |    12 |     4 ||    16
       Shroud of Golubri |       |       |     3 |     1 ||     4
Invok: Ancestor Life: Kn |       |       |     1 |       ||     1
       Ancestor Identity |       |       |       |     1 ||     1
 Abil: Spit Poison       |    20 |    21 |    14 |       ||    55
Evoke: Wand              |       |       |     3 |       ||     3
  Use: Potion            |     1 |     4 |     3 |       ||     8
       Scroll            |       |    10 |     8 |     5 ||    23
 Stab: Sleeping          |       |     3 |    14 |    10 ||    27
       Distracted        |       |       |     2 |     6 ||     8
  Eat: Chunk             |     4 |    11 |    14 |     5 ||    34
       Ration            |       |     1 |       |     4 ||     5
Armor: Leather armour    |     2 |    67 |   103 |       ||   172
       Ring mail         |    10 |    49 |       |       ||    59
       Skin              |       |       |    23 |       ||    23
       Robe              |       |       |    35 |   123 ||   158
Dodge: Dodged            |    34 |   118 |   139 |   118 ||   409

Table legend:
 A = Spawn XP
 B = Non-spawn XP
 C = Spawn XP percentage of total XP
 D = Spawn monster count
 E = Non-spawn monster count
 F = Spawn count percentage of total count
 G = Total turns spent on level
                    A         B        C        D         E        F      G
               +---------+---------+-------+---------+---------+-------+---------
         Total |       0 |   16510 |   0.0 |       0 |     288 |   0.0 | 15515
               +---------+---------+-------+---------+---------+-------+---------
           D:1 |       0 |      25 |   0.0 |       0 |      13 |   0.0 |  1815
           D:2 |       0 |     224 |   0.0 |       0 |      49 |   0.0 |  2528
           D:3 |       0 |      78 |   0.0 |       0 |      28 |   0.0 |  1405
           D:4 |       0 |     264 |   0.0 |       0 |      11 |   0.0 |  1306
           D:5 |       0 |     680 |   0.0 |       0 |      23 |   0.0 |  1394
           D:6 |       0 |     710 |   0.0 |       0 |      16 |   0.0 |  1037
           D:7 |       0 |    1090 |   0.0 |       0 |      39 |   0.0 |   974
           D:8 |       0 |     364 |   0.0 |       0 |       9 |   0.0 |   824
           D:9 |       0 |    2348 |   0.0 |       0 |      32 |   0.0 |  1234
          D:10 |       0 |    5643 |   0.0 |       0 |      43 |   0.0 |  1321
          D:11 |       0 |    4658 |   0.0 |       0 |      23 |   0.0 |  1506
          D:12 |       0 |     426 |   0.0 |       0 |       2 |   0.0 |     9
               +---------+---------+-------+---------+---------+-------+---------
